 Dungeon Crawl Stone Soup version 0.21-a0-94-gdd6ab6a (webtiles) character file.

42 nikopol the Firebug (level 3, -1/19 HPs)
             Began as a Deep Elf Fire Elementalist on July 1, 2017.
             Killed from afar by Sigmund (9 damage)
             ... with a puff of flame
             ... on level 2 of the Dungeon.
             The game lasted 00:04:32 (1459 turns).

nikopol the Firebug (Deep Elf Fire Elementalist)    Turns: 1459, Time: 00:04:33

Health: -1/19      AC:  2    Str:  5    XL:     3   Next: 35%
Magic:  2/10       EV: 13    Int: 20    God:
Gold:   66         SH:  0    Dex: 15    Spells: 3/9 levels left

rFire    . . .     SeeInvis .   k - +0 short sword
rCold    . . .     Gourm    .   (no shield)
rNeg     . . .     Faith    .   a - +0 robe
rPois    .         Spirit   .   (no helmet)
rElec    .         Reflect  .   (no cloak)
rCorr    .         Harm     .   (no gloves)
MR       .....                  (no boots)
Stlth    ++........             (no amulet)
HPRegen  0.06/turn              (no ring)
MPRegen  0.12/turn              (no ring)

@: no status effects
A: no striking features
a: no special abilities


You were on level 2 of the Dungeon.
You were hungry.

You visited 1 branch of the dungeon, and saw 2 of its levels.

You collected 66 gold pieces.

Inventory:

Hand Weapons
 k - a +0 short sword (weapon)
Armour
 a - a +0 robe (worn)
Jewellery
 e - a cursed ring of loudness {unknown}
Scrolls
 d - a scroll of teleportation {unknown}
 f - 3 scrolls of identify {unknown}
 g - 2 scrolls of enchant armour {unknown}
 i - a scroll of amnesia {unknown}
 j - a scroll of random uselessness {unknown}
Potions
 h - 3 potions of curing {unknown}
Books
 b - a book of Flames

   Spells                             Type                      Level
   a - Flame Tongue                   Conjuration/Fire             1
   b - Throw Flame                    Conjuration/Fire             2
   c - Conjure Flame                  Conjuration/Fire             3
   d - Inner Flame                    Hexes/Fire                   3
   e - Sticky Flame                   Conjuration/Fire             4
   f - Fireball                       Conjuration/Fire             5
Comestibles
 c - 3 bread rations
 l - a chunk of flesh


   Skills:
 + Level 2.8 Dodging
 + Level 2.7 Stealth
 + Level 3.8 Spellcasting
 + Level 1.2 Conjurations
 + Level 4.0 Fire Magic


You had 3 spell levels left.
You knew the following spells:

 Your Spells              Type           Power        Failure   Level  Hunger
a - Flame Tongue          Conj/Fire      ##...        4%          1    None
b - Throw Flame           Conj/Fire      ##....       7%          2    ##.....
c - Conjure Flame         Conj/Fire      ##......     13%         3    ###....


Dungeon Overview and Level Annotations

Branches:
Dungeon (2/15)

Altars:

Annotations:
D:2 Sigmund, Terence


Message History

Aim: Sigmund, wielding a scythe of holy wrath and wearing a robe (lightly wounded)
The flame tongue hits Sigmund.
Sigmund is moderately wounded.
Casting: Flame Tongue
Confirm with . or Enter, or press ? or * to list all spells.
Aiming: Flame Tongue
Press: ? - help, Shift-Dir - straight line, f/p - Sigmund
Aim: Sigmund, wielding a scythe of holy wrath and wearing a robe (moderately wounded)
The flame tongue hits Sigmund.
Sigmund is heavily wounded.
Casting: Flame Tongue
Confirm with . or Enter, or press ? or * to list all spells.
Aiming: Flame Tongue
Press: ? - help, Shift-Dir - straight line, f/p - Sigmund
Aim: Sigmund, wielding a scythe of holy wrath and wearing a robe (heavily wounded)
The flame tongue hits Sigmund.
Sigmund is almost dead.
Sigmund points at you and mumbles some strange words.
The puff of flame hits you!
You die...

.#####.######
......># .#
.#####.# .# .#
#.# .# .## #.# .#
..# #.# .# ..#
#.# .# ..#
#.##########.####
..#
#..........@....#
..#
##########...##.#
..# #.#.# ###
#.#@# #.#.# #.#.#
#.#.# #.#.# ##
....#


You could see Sigmund.

Vanquished Creatures
  2 adders (D:2)
  A dart slug (D:1)
  4 bats (D:1)
  2 giant cockroaches (D:1)
  A goblin (D:2)
  2 hobgoblins
  2 jackals (D:1)
  A ball python (D:2)
  2 frilled lizards (D:1)
  2 kobolds
  5 rats
24 creatures vanquished.

Notes
Turn   | Place    | Note
-------+----------+-------------------------------------------
     0 | D:1      | nikopol the Deep Elf Fire Elementalist began the quest for the Orb.
     0 | D:1      | Reached XP level 1. HP: 10/10 MP: 6/6
   260 | D:1      | Reached XP level 2. HP: 15/15 MP: 5/8
   264 | D:1      | Learned a level 2 spell: Throw Flame
  1168 | D:2      | Reached XP level 3. HP: 19/19 MP: 3/10
  1265 | D:2      | Reached skill level 4 in Fire Magic
  1300 | D:2      | Noticed Terence
  1320 | D:2      | Learned a level 3 spell: Conjure Flame
  1452 | D:2      | Noticed Sigmund
  1459 | D:2      | Killed from afar by Sigmund

Vault maps used:
D:1:      noname_arrival_rooms_in_the_neighbourhood
D:2:      minmay_heptomino_h4, uniq_terence, uniq_sigmund, uniq_robin

Skill      XL: |  1  2  3 |
---------------+----------+-----
Fire Magic     | 4 |  4.0
Dodging        | |  2.8
Stealth        | |  2.7
Spellcasting   | |  3.8
Conjurations   | |  1.2

Action                   || total
-------------------------++-------
 Cast: Flame Tongue      ||    45
       Conjure Flame     ||     1
  Eat: Chunk             ||     1
Armor: Robe              ||     3
Dodge: Dodged            ||     7
